 Dungeon Crawl Stone Soup version 0.27.1-1-g398f81649c (webtiles) character file.

Game seed: 228469911728445521

624 Metae the Shield-Bearer (level 7, 0/62 HPs)
             Began as a Minotaur Fighter on Sept 17, 2021.
             Was a Follower of Makhleb.
             Slain by an orc (7 damage)
             ... on level 5 of the Dungeon.
             The game lasted 00:10:24 (4593 turns).

Metae the Shield-Bearer (Minotaur Fighter)          Turns: 4593, Time: 00:10:24

Health: 0/62       AC:  7    Str: 22    XL:     7   Next: 22%
Magic:  0/6        EV:  8    Int:  5    God:    Makhleb [*.....]
Gold:   98         SH: 10    Dex: 10    Spells: 6/6 levels left

rFire    . . .     SeeInvis .   o - +0 rapier (drain)
rCold    . . .     Faith    .   c - +0 kite shield
rNeg     + . .     Spirit   +   b - +0 scale mail
rPois    .         Reflect  .   (helmet restricted)
rElec    .         Harm     .   (no cloak)
rCorr    .         Rampage  .   (no gloves)
Will     .....                  (no boots)
Stlth    ..........             m - amulet of guardian spirit
HPRegen  0.20/turn              n - ring of positive energy
MPRegen  0.10/turn              (no ring)

@: lethally poisoned (0 -> -29)
A: horns 2, retaliatory headbutt
a: Renounce Religion


You were on level 5 of the Dungeon.
You worshipped Makhleb.
Makhleb was aware of your devotion.
You visited 1 branch of the dungeon, and saw 5 of its levels.

You collected 98 gold pieces.

Inventory:

Hand Weapons
 a - a +0 trident
 o - a +0 rapier of draining (weapon)
Armour
 b - a +0 scale mail (worn)
 c - a +0 kite shield (worn)
Jewellery
 m - an amulet of guardian spirit (around neck)
 n - a ring of positive energy (left hand)
 s - a ring of resist corrosion
Wands
 q - a wand of mindburst (12)
Scrolls
 g - a scroll of identify
 i - a scroll of teleportation {unknown}
 k - a scroll of silence {unknown}
 r - a scroll of vulnerability {unknown}
 t - a scroll of enchant weapon {unknown}
 u - a scroll of amnesia {unknown}
Potions
 d - a potion of might
 e - 2 potions of haste {unknown}
 h - a potion of lignification {unknown}
 l - a potion of degeneration {unknown}
 p - a potion of brilliance {unknown}


   Skills:
 + Level 5.9 Fighting
 + Level 3.6 Short Blades
 - Level 3.1 Polearms
 + Level 5.9 Armour
 + Level 5.9 Shields


You had 6 spell levels left.
You didn't know any spells.
Your spell library contained the following spells:

 Spells                   Type           Power      Damage    Failure   Level
 Dazzling Flash           Conj/Hex       0%         N/A       100%        3
 Animate Dead             Necr           0%         N/A       100%        4
 Agony                    Necr           0%         N/A       100%        5
 Silence                  Hex/Air        0%         N/A       100%        5
 Haunt                    Necr/Summ      0%         N/A       100%        7
 Infestation              Necr           0%         N/A       100%        8


Dungeon Overview and Level Annotations

Branches:
Dungeon (5/15)
 Temple: D:4-7

Altars:
Cheibriados
Fedhas
Hepliaklqana
Makhleb

Shops:
D:2 [


Innate Abilities, Weirdness & Mutations

You have a pair of horns on your head.
You reflexively headbutt those who attack you in melee.


Message History

The shadow imp hits you but does no damage.
The orc barely misses you. You furiously retaliate!
You headbutt the orc!
You kill the orc!
Makhleb accepts your kill. The gnoll hits you but does no damage.
The orc hits you with a +2 short sword of venom.
You are lethally poisoned!
Okay, then.
You tear a large gash into the net.
* * * LOW HITPOINT WARNING * * *
You feel extremely sick.
The orc priest shouts!
You hear a shout!
The orc hits you with a +0 mace.
* * * LOW HITPOINT WARNING * * *
The gnoll hits you but does no damage. x2
The shadow imp hits you but does no damage.
The gnoll hits you but does no damage.
The orc hits you with a +2 short sword of venom.
* * * LOW HITPOINT WARNING * * *
You are more poisoned.
You feel much better.
You feel extremely sick. The orc hits you but does no damage.
An orc comes into view. It is wielding a +0 mace.
The gnoll hits you with a +0 whip. The gnoll hits you with a +0 club.
The shadow imp hits you. The gnoll barely misses you.
The orc hits you but does no damage.
You are lethally poisoned!
You rip the net and break free!
You feel extremely sick.
You block the orc's attack. x2; The gnoll hits you with a +0 whip.
* * * LOW HITPOINT WARNING * * *
The gnoll barely misses you.
The shadow imp hits you but does no damage.
The gnoll closely misses you. The orc hits you but does no damage.
You are more poisoned.
* * * LOW HITPOINT WARNING * * *
You feel extremely sick.
The orc hits you from afar with a +0 trident!
You die...

#######
##.....##
#..#..o)...#.##
#....5@).....#
#>..8gggo.8....
.......o.......
......8.8......
.......o.......
...............
.........o.....
.....###.......


You could see an orc priest, 3 gnolls, a shadow imp and 4 orcs.

Vanquished Creatures
  A water moccasin (D:4)
  An ogre (D:4)
  A phantom (D:4)
  2 scorpions (D:4)
  Ijyb (D:3)
  An iguana (D:4)
  An orc wizard (D:4)
  Robin (D:3)
  4 adders
  4 worms
  A dart slug (D:4)
  10 orcs
  6 ball pythons
  5 bats
  7 endoplasms
  8 giant cockroaches
  11 goblins
  12 hobgoblins
  6 kobolds
  2 quokkas
  5 frilled lizards
  9 rats
99 creatures vanquished.

Vanquished Creatures (others)
  5 toadstools (D:1)
5 creatures vanquished.

Grand Total: 104 creatures vanquished

Notes
Turn   | Place    | Note
-------+----------+-------------------------------------------
     0 | D:1      | Metae the Minotaur Fighter began the quest for the Orb.
     0 | D:1      | Reached XP level 1. HP: 19/19 MP: 0/0
   380 | D:1      | Reached XP level 2. HP: 27/27 MP: 1/1
   688 | D:1      | Found a faded altar of an unknown god.
  1078 | D:2      | Reached XP level 3. HP: 33/33 MP: 2/2
  1209 | D:2      | Found Tawk's Armour Emporium.
  1982 | D:3      | Noticed Robin
  1998 | D:3      | Reached XP level 4. HP: 28/40 MP: 1/3
  2101 | D:3      | Killed Robin
  2102 | D:3      | Reached skill level 1 in Short Blades
  2126 | D:3      | Noticed Ijyb
  2132 | D:3      | Killed Ijyb
  2222 | D:3      | Found a snail-covered altar of Cheibriados.
  2222 | D:3      | Found a burning altar of Makhleb.
  2246 | D:3      | Became a worshipper of Makhleb the Destroyer
  2603 | D:3      | Reached XP level 5. HP: 43/47 MP: 2/4
  2778 | D:3      | Found a blossoming altar of Fedhas.
  3292 | D:4      | Reached * piety under Makhleb
  3326 | D:4      | Noticed a phantom
  3360 | D:4      | Killed a phantom
  3361 | D:4      | Reached skill level 5 in Fighting
  3361 | D:4      | Reached skill level 5 in Armour
  3361 | D:4      | Reached skill level 5 in Shields
  3373 | D:4      | Reached XP level 6. HP: 23/56 MP: 3/5
  4098 | D:4      | Found a hazy altar of Hepliaklqana.
  4357 | D:5      | Entered Level 5 of the Dungeon
  4357 | D:5      | Noticed a water moccasin
  4377 | D:4      | Killed a water moccasin
  4378 | D:4      | Reached XP level 7. HP: 45/62 MP: 1/6
  4582 | D:5      | HP: 3/62 [gnoll (2)]
  4593 | D:5      | Slain by an orc

Illustrated notes

Levels and vault maps discovered:
D:1:      ldierk_walled_garden, layout_basic, chequers_ecumenical_altar_grove,
          feat_on_display
D:2:      layout_loops_corners, serial_shops, shop
D:3:      layout_loops_ring, mainiacjoe_overflow_boulevard,
          amethyst_overflow_temple_binary, grunt_ministairs_4, nrook_uturn,
          uniq_ijyb, uniq_robin
D:4:      layout_basic, lemuel_doored_altar
D:5:      layout_cave_pools, tso_altar, temple_statues, grunt_ministairs_9,
          chequers_serial_rivers_micro_b, serial_bayou_pond_b, uniq_duvessa

Skill      XL: |  1  2  3  4  5  6 |
---------------+-------------------+-----
Shields        | 4 5 |  5.9
Armour         | 4 5 |  5.9
Fighting       | 4 5 |  5.9
Polearms       | 3 |  3.1
Short Blades   | 1 2 3 |  3.6

Action                   |  1- 3 |  4- 6 |  7- 9 || total
-------------------------+-------+-------+-------++-------
Melee: Trident           |    79 |       |       ||    79
       Headbutt          |    11 |    23 |     2 ||    36
       Rapier            |    31 |   133 |     4 ||   168
  Use: Potion            |       |     2 |     5 ||     7
       Scroll            |       |     1 |       ||     1
Armor: Scale mail        |    48 |    49 |    41 ||   138
Dodge: Dodged            |    30 |    51 |    22 ||   103
Block: Kite shield       |    46 |    58 |     8 ||   112
